 Dungeon Crawl Stone Soup version 0.27.1-33-g824d729ab1 (webtiles) character file.

Game seed: 1896783916143591645

690 halfoni the Chopper (level 7, -3/82 HPs)
             Began as a Human Berserker on Dec 18, 2021.
             Was a Believer of Trog.
             Succumbed to a gnoll sergeant's poison
             ... on level 5 of the Dungeon on Dec 19, 2021.
             The game lasted 00:07:52 (5925 turns).

halfoni the Chopper (Human Berserker)               Turns: 5925, Time: 00:07:53

Health: -3/82      AC:  9    Str: 20    XL:     7   Next: 95%
Magic:  7/7        EV:  8    Int: 13    God:    Trog [**....]
Gold:   169        SH:  4    Dex: 12    Spells: 6/6 levels left

rFire    . . .     SeeInvis +   n - +0 war axe
rCold    . . .     Faith    .   i - +0 buckler
rNeg     . . .     Spirit   .   l - +0 chain mail
rPois    .         Reflect  .   (no helmet)
rElec    .         Harm     .   (no cloak)
rCorr    .         Rampage  .   (no gloves)
Will     .....                  (no boots)
Stlth    ..........             (no amulet)
HPRegen  0.23/turn              d - ring of see invisible
MPRegen  0.10/turn              f - +6 ring of intelligence

@: berserking (expiring), lethally poisoned (-3 -> -29), very quick
A: no striking features
a: Renounce Religion, Berserk, Trog's Hand


You were on level 5 of the Dungeon.
You worshipped Trog.
Trog was pleased with you.
You visited 1 branch of the dungeon, and saw 5 of its levels.

You collected 169 gold pieces.

Inventory:

Hand Weapons
 a - a +0 hand axe
 n - a +0 war axe (weapon)
Armour
 i - a +0 buckler (worn)
 l - a +0 chain mail (worn)
Jewellery
 d - a ring of see invisible (left hand)
 f - a +6 ring of intelligence (right hand)
 m - a +6 ring of intelligence
Wands
 k - a wand of mindburst (16)
Scrolls
 c - a scroll of magic mapping {unknown}
 g - a scroll of torment {unknown}
 h - a scroll of teleportation {unknown}
 j - 3 scrolls of identify {unknown}
 o - 2 scrolls of blinking {unknown}
 q - a scroll of amnesia {unknown}
Potions
 b - a potion of attraction {unknown}
 e - 3 potions of haste {unknown}
 p - a potion of curing {unknown}


   Skills:
 + Level 4.5 Fighting
 + Level 5.6 Axes
 + Level 4.4 Armour
 + Level 2.6 Dodging
 * Level 2.9 Shields


You had 6 spell levels left.
You didn't know any spells.
Your spell library was empty.

Dungeon Overview and Level Annotations

Branches:
Dungeon (5/15)             Temple (0/1) D:4

Altars:
Dithmenos
Kikubaaqudgha
Makhleb
Yredelemnul
The Shining One

Annotations:
D:4 1 runed translucent door, Jack47's ghost, amateur MfGl


Message History

The gnoll is almost dead.
You feel sick.
The gnoll sergeant hits you from afar with a +1 spear of venom.
You are more poisoned.
The gnoll barely misses you.
You barely miss the gnoll.
The gnoll is almost dead.
You barely miss the bullfrog skeleton.
* * * LOW HITPOINT WARNING * * *
You feel very sick.
The bullfrog skeleton barely misses you.
The gnoll sergeant hits you from afar with a +1 spear of venom.
* * * LOW HITPOINT WARNING * * *
You are lethally poisoned!
You block the gnoll's attack.
You slash the bullfrog skeleton!
The bullfrog skeleton is moderately damaged.
You hit the gnoll.
You kill the gnoll!
Trog accepts your kill.
* * * LOW HITPOINT WARNING * * *
You feel very sick.
You block the bullfrog skeleton's attack.
You barely miss the bullfrog skeleton.
The bullfrog skeleton is moderately damaged.
* * * LOW HITPOINT WARNING * * *
You feel very sick.
The gnoll sergeant hits you from afar with a +1 spear of venom.
* * * LOW HITPOINT WARNING * * *
You are more poisoned.
The bullfrog skeleton hits you but does no damage.
You slash the bullfrog skeleton!
The bullfrog skeleton is severely damaged.
* * * LOW HITPOINT WARNING * * *
You feel very sick. The gnoll sergeant closely misses you.
The bullfrog skeleton hits you.
* * * LOW HITPOINT WARNING * * *
You slash the bullfrog skeleton!
The bullfrog skeleton is almost destroyed.
You die...

...............
............... ..
.............## .### .
.......†......###...#..
.......##..............#
....... #.....##........
# #... ##..............
## ....###......))......
.# #.#.....##..@Zg.....
.####.#......#..........
..##....................
...##.##................
#...#..#................
....#..###......#.......
.......##.......#.......
##.....###..............
######## #............


You could see a gnoll sergeant and a bullfrog skeleton.

Vanquished Creatures
  2 necrophages
  A phantom (D:5)
  A wyvern skeleton (D:4)
  2 orc priests (D:4)
  A jelly (D:5)
  A hound (D:5)
  An iguana (D:5)
  Ijyb (D:3)
  2 orc wizards (D:4)
  3 gnolls (D:5)
  4 adders
  2 adder skeletons (D:4)
  3 worms
  5 dart slugs
  8 orcs
  4 ball pythons
  A bat zombie (D:4)
  An endoplasm (D:3)
  4 giant cockroaches
  5 goblins
  5 hobgoblins
  8 kobolds
  4 quokkas
  5 bats
  9 frilled lizards
  3 rats
  A rat zombie (D:4)
87 creatures vanquished.

Vanquished Creatures (others)
  A fungus (D:1)
  6 plants
7 creatures vanquished.

Grand Total: 94 creatures vanquished

Notes
Turn   | Place    | Note
-------+----------+-------------------------------------------
     0 | D:1      | halfoni the Human Berserker began the quest for the Orb.
     0 | D:1      | Reached XP level 1. HP: 18/18 MP: 1/1
    91 | D:1      | Found a faded altar of an unknown god.
   383 | D:1      | Reached XP level 2. HP: 24/24 MP: 2/2
   955 | D:2      | Reached XP level 3. HP: 17/29 MP: 3/3
  2045 | D:2      | Reached XP level 4. HP: 35/35 MP: 4/4
  3270 | D:3      | Noticed Ijyb
  3284 | D:3      | Killed Ijyb
  3285 | D:3      | Reached XP level 5. HP: 31/41 MP: 5/5
  3634 | D:3      | Reached skill level 1 in Shields
  3925 | D:3      | Reached skill level 4 in Axes
  4003 | D:3      | Reached ** piety under Trog
  4179 | D:4      | Found a basalt altar of Yredelemnul.
  4181 | D:4      | Found a glowing golden altar of the Shining One.
  4185 | D:4      | Found a burning altar of Makhleb.
  4238 | D:4      | Noticed a necrophage
  4255 | D:4      | Killed a necrophage
  4256 | D:4      | Reached XP level 6. HP: 42/48 MP: 6/6
  4355 | D:4      | Found a staircase to the Ecumenical Temple.
  4570 | D:4      | Reached XP level 7. HP: 7/54 MP: 7/7
  5200 | D:4      | Found a runed translucent door.
  5200 | D:4      | Noticed Jack47's ghost (amateur MfGl)
  5331 | D:4      | Found a shadowy altar of Dithmenos.
  5386 | D:4      | Found an ancient bone altar of Kikubaaqudgha.
  5740 | D:5      | Entered Level 5 of the Dungeon
  5817 | D:5      | Reached skill level 5 in Axes
  5924 | D:5      | HP: 3/82 [poisoned by a gnoll sergeant]
  5925 | D:5      | Succumbed to a gnoll sergeant's poison

Illustrated notes

Levels and vault maps discovered:
D:1:      nzn_arrival_water_spiral, layout_basic,
          shapermc_ecumenical_altar_acropolis, minmay_lizard_king
D:2:      layout_basic, serial_park_tiny_2
D:3:      layout_basic, uniq_ijyb
D:4:      cheibrodos_pilgrimage, layout_basic,
          chequers_temple_overflow_statue_of_worship, grunt_dithmenos_smoke,
          tso_oasis_becter, lemuel_zombie_altar_kikubaaqudgha,
          minmay_temple_entry_grid, portal_sewer_entry_e,
          hellmonk_ghost_happy_afterlife, chequers_serial_rivers_micro_e
D:5:      layout_cave_pools, nicolae_wu_jian_immortal_techniques,
          gammafunk_temple_overflow_elements, uniq_eustachio

Skill      XL: |  1  2  3  4  5  6  7 |
---------------+----------------------+-----
Armour         | 3 4 |  4.4
Shields        | 1 2 |  2.9
Axes           | 4 5 |  5.6
Fighting       | 4 |  4.5
Dodging        | |  2.6

Action                   |  1- 3 |  4- 6 |  7- 9 || total
-------------------------+-------+-------+-------++-------
Melee: Hand axe          |   101 |   192 |       ||   293
       War axe           |       |       |    68 ||    68
Invok: Berserk           |     2 |     4 |     1 ||     7
Armor: Ring mail         |    32 |    24 |       ||    56
       Chain mail        |       |    87 |    32 ||   119
Dodge: Dodged            |    54 |    76 |    27 ||   157
Block: Buckler           |       |    36 |    14 ||    50
